 Dungeon Crawl Stone Soup version 0.20.2-3-g29329e0561 (webtiles) character file.

448 Alfie the Shield-Bearer (level 7, -7/60 HPs)
             Began as a Hill Orc Fighter on July 12, 2023.
             Mangled by an ogre
             ... wielding a +0 giant club
              (22 damage)
             ... on level 4 of the Dungeon.
             The game lasted 00:06:00 (2200 turns).

Alfie the Shield-Bearer (Hill Orc Fighter)          Turns: 2200, Time: 00:06:01

Health: -7/60      AC: 11    Str: 21    XL:     7   Next: 3%
Magic:  7/7        EV:  8    Int: 12    God:
Gold:   231        SH: 10    Dex: 10    Spells: 6/6 levels left

rFire    + . .     SeeInvis .   a - +0 rapier
rCold    . . .     Gourm    .   c - +1 shield
rNeg     . . .     Faith    .   b - +1 scale mail
rPois    .         Spirit   .   (no helmet)
rElec    .         Reflect  .   (no cloak)
rCorr    .         Harm     .   (no gloves)
MR       .....                  i - +2 pair of boots
Stlth    ..........             (no amulet)
Regen    0.2/turn               k - ring of protection from fire
MPRegen  0.1/turn               (no ring)

@: no status effects
A: clever 2
a: no special abilities


You were on level 4 of the Dungeon.
You were not hungry.

You visited 1 branch of the dungeon, and saw 4 of its levels.

You collected 231 gold pieces.

Inventory:

Hand Weapons
 a - a +0 rapier (weapon)
Missiles
 g - 3 tomahawks (quivered)
Armour
 b - a +1 scale mail (worn)
 c - a +1 shield (worn)
 i - a +2 pair of boots (worn)
Jewellery
 k - a ring of protection from fire (left hand)
Wands
 q - a wand of random effects (20/48)
Scrolls
 e - 5 scrolls of identify
 j - 2 scrolls of remove curse {unknown}
 m - 2 scrolls of teleportation {unknown}
 p - a scroll of recharging
Potions
 d - a potion of might
 h - a potion of flight
 l - a potion of heal wounds
 n - a potion of berserk rage {unknown}
 s - 2 potions of curing {unknown}
Comestibles
 f - 2 bread rations
 o - a royal jelly
 r - a meat ration


   Skills:
 + Level 4.8 Fighting
 + Level 4.4 Short Blades
 + Level 0.5 Throwing
 + Level 4.8 Armour
 + Level 1.1 Dodging
 + Level 0.3 Stealth
 + Level 4.8 Shields


You had 6 spell levels left.
You didn't know any spells.

Dungeon Overview and Level Annotations

Branches:
Dungeon (4/15)
 Temple: D:4-7

Altars:
Dithmenos
Elyvilon
Gozag
Okawaru
Qazlal
Uskayaw
Xom
Yredelemnul
The Shining One


Innate Abilities, Weirdness & Mutations

Your mind is very acute. (Int +4)


Message History

Found 13 gold pieces, a small sapphire ring and a hunting sling.
You see here 15 gold pieces.
You now have 231 gold pieces (gained 15).
A leopard gecko skeleton comes into view.
You completely miss the ogre. The ogre hits you with a giant club.
Your scale mail prevents you from hitting the ogre.
The ogre hits you with a giant club!!
You barely miss the ogre. The ogre hits you with a giant club!
You barely miss the ogre. You hit the ogre but do no damage.
You block the ogre's attack.
You hit the ogre.
The ogre is lightly wounded.
You block the leopard gecko skeleton's attack.
The ogre hits you with a giant club!
* * * LOW HITPOINT WARNING * * *
You hit the ogre but do no damage.
The ogre is lightly wounded.
The leopard gecko skeleton barely misses you.
The ogre hits you with a giant club!!
You die...

#....# #....# ##....#
#.....# .
##.....######## ..
..!..........#
..#.###...........##
......O@...........#
.#....Z..........#.#####
..............>.........
.#.....#................
#.$...#######..........
#.=... #..[.#.####
#).... #....#..# ......
#....##.# ....
#....##.##


You could see an ogre and a leopard gecko skeleton.

Vanquished Creatures
  Duvessa (D:4)
  A phantom (D:4)
  The ghost of Alfie the Skirmisher, an amateur HOFi (D:3)
  Dowan (D:4)
  A worker ant (D:4)
  4 adders
  An ooze (D:1)
  2 worms
  2 dart slugs
  An orc (D:3)
  2 giant cockroaches
  3 hobgoblins
  A ball python (D:1)
  7 bats
  6 frilled lizards
  3 goblins
  5 kobolds
  3 rats
45 creatures vanquished.

Notes
Turn   | Place    | Note
-------+----------+-------------------------------------------
     0 | D:1      | Alfie the Hill Orc Fighter began the quest for the Orb.
     0 | D:1      | Reached XP level 1. HP: 19/19 MP: 1/1
   248 | D:1      | Reached XP level 2. HP: 27/27 MP: 2/2
   507 | D:2      | Reached XP level 3. HP: 33/33 MP: 3/3
   546 | D:2      | Found an opulent altar of Gozag.
   548 | D:2      | Found a shimmering altar of Xom.
   552 | D:2      | Found a basalt altar of Yredelemnul.
   552 | D:2      | Found a white marble altar of Elyvilon.
   552 | D:2      | Found a hide-covered altar of Uskayaw.
   554 | D:2      | Found a shadowy altar of Dithmenos.
   558 | D:2      | Found a glowing golden altar of the Shining One.
  1008 | D:3      | Noticed Alfie's ghost (amateur HOFi)
  1022 | D:3      | Killed Alfie's ghost
  1022 | D:3      | Reached XP level 4. HP: 3/41 MP: 4/4
  1022 | D:3      | Reached XP level 5. HP: 4/47 MP: 5/5
  1029 | D:3      | Gained mutation: Armour fits poorly on your strangely shaped body. [potion of mutation]
  1029 | D:3      | Gained mutation: Your mind is acute. (Int +2) [potion of mutation]
  1029 | D:3      | Lost mutation: Armour fits poorly on your strangely shaped body. [potion of mutation]
  1029 | D:3      | Gained mutation: Your mind is very acute. (Int +4) [potion of mutation]
  1172 | D:3      | Noticed a fire elemental
  1174 | D:3      | Found a stormy altar of Qazlal.
  1175 | D:3      | Noticed an air elemental
  1175 | D:3      | Noticed a water elemental
  1642 | D:4      | Noticed Duvessa
  1642 | D:4      | Noticed Dowan
  1657 | D:4      | Killed Duvessa
  1657 | D:4      | Reached skill level 1 in Dodging
  1657 | D:4      | Reached XP level 6. HP: 20/53 MP: 6/6
  1664 | D:4      | Killed Dowan
  1988 | D:4      | Found an opulent altar of Gozag.
  2012 | D:4      | Noticed a phantom
  2014 | D:4      | Found an iron altar of Okawaru.
  2061 | D:4      | Killed a phantom
  2061 | D:4      | Reached XP level 7. HP: 51/60 MP: 7/7
  2200 | D:4      | Mangled by an ogre

Skill      XL: |  1  2  3  4  5  6 |
---------------+-------------------+-----
Fighting       | 4 |  4.8
Short Blades   | 3 4 |  4.4
Armour         | 4 |  4.8
Shields        | 4 |  4.8
Dodging        | 1 |  1.1
Throwing       | |  0.5
Stealth        | |  0.3

Action                   |  1- 3 |  4- 6 |  7- 9 || total
-------------------------+-------+-------+-------++-------
Melee: Rapier            |   112 |    72 |     7 ||   191
Throw: Tomahawk          |       |     3 |       ||     3
  Use: Scroll            |     5 |     1 |       ||     6
       Potion            |       |     5 |       ||     5
  Eat: Bread ration      |       |     1 |       ||     1
Armor: Scale mail        |    61 |    27 |       ||    88
Dodge: Dodged            |    31 |    18 |     1 ||    50
Block: Shield            |    75 |    36 |     2 ||   113
